 Dungeon Crawl Stone Soup version 0.31-a0-965-g8a8ce12e04 (webtiles) character file.

Game seed: 5314203701518880764

324 Pixllover the Ruffian (level 6, -1/70 HPs)
             Began as a Gnoll Shapeshifter on Oct 26, 2023.
             Slain by a kobold brigand
             ... wielding a +0 short sword
              (4 damage)
             ... in a sewer.
             The game lasted 00:05:46 (1911 turns).

Pixllover the Ruffian (Gnoll Shapeshifter)          Turns: 1911, Time: 00:05:46

Health: -1/70      AC: 26    Str: 16    XL:     6   Next: 48%
Magic:  9/9        EV:  2    Int:  9    God:
Gold:   84         SH:  0    Dex: 11    Spells: 9/9 levels left

rFire   + . .        i - +8 lance "Wyrmbane" {slay drac, rPois rF+ rC+ AC+3}
rCold   + . .        (no shield)
rNeg    . . .        a - melded +0 animal skin
rPois   +            (helmet currently unavailable)
rElec   .            (cloak currently unavailable)
rCorr   .            (gloves currently unavailable)
SInv    .            (boots currently unavailable)
Will    .....        (no amulet)
Stlth   ++           (no ring)
HPRegen 0.31/turn    (no ring)
MPRegen 0.11/turn

%: no passive effects
@: tree-form, very slow
A: stationary, stasis, torment immunity, boosted hp, (fangs 1), strong nose,
distributed training
a: no special abilities


You were in a sewer.
You were a tree.
You visited 1 branch of the dungeon, and saw 3 of its levels.
You also visited: Sewer.

You collected 84 gold pieces.

Inventory:

Hand Weapons
 i - the +8 lance "Wyrmbane" (weapon) {slay drac, rPois rF+ rC+ AC+3}
   (You found it on level 2 of the Dungeon)

   AC+3:      It affects your AC (+3).
   rF+:       It protects you from fire.
   rC+:       It protects you from cold.
   rPois:     It protects you from poison
Missiles
 l - 15 poisoned darts (quivered)
Armour
 a - a +0 animal skin (melded)
 e - a scarf of harm
 k - a +0 cloak
 n - a +0 helmet
Talismans
 c - a beast talisman (active)
 d - a flux talisman
Scrolls
 g - a scroll of amnesia {unknown}
 h - 2 scrolls of teleportation {unknown}
 o - a scroll of fog {unknown}
Potions
 f - a potion of invisibility {unknown}
 j - a potion of berserk rage
 m - a potion of resistance


   Skills:
 + Level 3.3 Fighting
 + Level 2.0 Short Blades
 + Level 2.0 Long Blades
 + Level 2.0 Axes
 + Level 2.0 Maces & Flails
 + Level 2.0 Polearms
 + Level 2.0 Staves
 + Level 2.0 Ranged Weapons
 + Level 2.0 Throwing
 + Level 2.0 Armour
 + Level 5.0 Dodging
 + Level 2.0 Stealth
 + Level 2.0 Shields
 + Level 6.8 Unarmed Combat
 + Level 2.0 Spellcasting
 + Level 1.6 Conjurations
 + Level 1.6 Hexes
 + Level 1.6 Summonings
 + Level 1.6 Necromancy
 + Level 1.6 Translocations
 + Level 1.6 Transmutations
 + Level 1.6 Fire Magic
 + Level 1.6 Ice Magic
 + Level 1.6 Air Magic
 + Level 1.6 Earth Magic
 + Level 1.6 Poison Magic
 + Level 2.2 Invocations
 + Level 2.0 Evocations
 + Level 6.8 Shapeshifting


You had 9 spell levels left.
You didn't know any spells.
Your spell library contained the following spells:

 Spells                   Type           Power      Damage    Failure   Level
 Blink                    Tloc           6%         N/A       26%         2
 Manifold Assault         Tloc           3%         N/A       86%         4


Dungeon Overview and Level Annotations

Branches:
Dungeon (3/15)              Sewer (1/1)

Altars:


Innate Abilities, Weirdness & Mutations

You are a tree.
Your roots penetrate the ground, keeping you stationary.
You cannot be teleported.
You are immune to unholy pain and torment.
Your maximum health is greatly increased.
Your equipment is partially melded.
((You have very sharp teeth.))
Your uncanny sense of smell can sniff out nearby items.
Your experience applies equally to all skills.


Message History

The kobold brigand barely misses you.
Your unstable footing causes you to fumble your attack.
The kobold brigand splashes around in the water.
Your unstable footing causes you to fumble your attack.
The kobold brigand hits you with a +0 short sword.
You closely miss the kobold brigand.
The kobold brigand is lightly wounded.
The kobold brigand hits you with a +0 short sword!
* * * LOW HITPOINT WARNING * * *
Your unstable footing causes you to fumble your attack.
The kobold brigand misses you.
You barely miss the kobold brigand.
The kobold brigand is lightly wounded.
The kobold brigand splashes around in the water.
You puncture the kobold brigand!
The kobold brigand is moderately wounded.
The kobold brigand barely misses you.
You hit the kobold brigand.
The kobold brigand is moderately wounded.
The kobold brigand hits you with a +0 short sword.
* * * LOW HITPOINT WARNING * * *
You hit the kobold brigand but do no damage.
The kobold brigand is moderately wounded.
The kobold brigand hits you with a +0 short sword.
* * * LOW HITPOINT WARNING * * *
Your unstable footing causes you to fumble your attack.
The kobold brigand splashes around in the water.
You hit the kobold brigand but do no damage.
Your bite misses the kobold brigand.
The kobold brigand is moderately wounded.
The kobold brigand misses you.
Your unstable footing causes you to fumble your attack.
The kobold brigand hits you with a +0 short sword.
* * * LOW HITPOINT WARNING * * *
Your transformation has ended.
You turn into a tree.
Your +0 animal skin melds into your body.
Your roots penetrate the ground.
The kobold brigand hits you with a +0 short sword.
You die...

######
#########
.#.#.#
#.#.#J#.#
~#~#~#
#~#~#~#~#
~#~#~#
#~#~#~#K#
~#~#~#
#~#~#~#♣#
~#†~.#
#..~#~~~#
###~##
##)###~##
# #.# #~#
#.# ###~#
#~###~#
~~~~#
#.~~..#
..~##
##~~~##
.~.#
#.~.#
.~.#
#...#


You could see a kobold brigand.

Vanquished Creatures
  2 kobold brigands (Sewer)
  2 orc wizards (D:3)
  6 adders
  A river rat (Sewer)
  A worm (D:2)
  2 dart slugs (D:1)
  4 orcs (D:3)
  6 endoplasms
  A giant cockroach (D:3)
  A hobgoblin (D:3)
  7 jackals (D:1)
  4 quokkas
  6 ball pythons
  6 bats
  4 frilled lizards
  6 goblins
  6 kobolds
  8 rats
73 creatures vanquished.

Notes
Turn   | Place    | Note
-------+----------+-------------------------------------------
     0 | D:1      | Pixllover the Gnoll Shapeshifter began the quest for the
                  | Orb.
     0 | D:1      | Reached XP level 1. HP: 17/17 MP: 1/1
   185 | D:1      | Reached XP level 2. HP: 20/23 MP: 2/2
   310 | D:1      | Reached XP level 3. HP: 19/28 MP: 3/3
   622 | D:1      | Found a faded altar of an unknown god.
   672 | D:1      | Reached skill level 1 in Invocations
   842 | D:2      | Found the +8 lance "Wyrmbane" {slay drac, rPois rF+ rC+
                  | AC+3}
   905 | D:2      | Reached skill level 1 in Short Blades
   905 | D:2      | Reached skill level 1 in Long Blades
   905 | D:2      | Reached skill level 1 in Axes
   905 | D:2      | Reached skill level 1 in Maces & Flails
   905 | D:2      | Reached skill level 1 in Polearms
   905 | D:2      | Reached skill level 1 in Staves
   905 | D:2      | Reached skill level 1 in Ranged Weapons
   905 | D:2      | Reached skill level 1 in Throwing
   905 | D:2      | Reached skill level 1 in Armour
   905 | D:2      | Reached skill level 1 in Stealth
   905 | D:2      | Reached skill level 1 in Shields
   905 | D:2      | Reached skill level 1 in Spellcasting
   905 | D:2      | Reached skill level 1 in Evocations
  1008 | D:2      | Reached XP level 4. HP: 33/34 MP: 5/5
  1347 | D:2      | Reached skill level 1 in Conjurations
  1347 | D:2      | Reached skill level 1 in Hexes
  1347 | D:2      | Reached skill level 1 in Summonings
  1347 | D:2      | Reached skill level 1 in Necromancy
  1347 | D:2      | Reached skill level 1 in Translocations
  1347 | D:2      | Reached skill level 1 in Transmutations
  1347 | D:2      | Reached skill level 1 in Fire Magic
  1347 | D:2      | Reached skill level 1 in Ice Magic
  1347 | D:2      | Reached skill level 1 in Air Magic
  1347 | D:2      | Reached skill level 1 in Earth Magic
  1347 | D:2      | Reached skill level 1 in Poison Magic
  1509 | D:3      | Reached XP level 5. HP: 37/40 MP: 5/7
  1695 | D:3      | Found a glowing drain.
  1719 | Sewer    | Entered a sewer
  1762 | Sewer    | Noticed a kobold brigand
  1769 | Sewer    | Killed a kobold brigand
  1770 | Sewer    | Reached XP level 6. HP: 47/47 MP: 8/8
  1823 | Sewer    | Reached skill level 5 in Dodging
  1910 | Sewer    | HP: 2/47 [kobold brigand/+0 short sword (6)]
  1911 | Sewer    | Slain by a kobold brigand

Illustrated notes

Levels and vault maps discovered:
D:1:      dpeg_arrival_prison, layout_loops_ring,
          shapermc_ecumenical_altar_totnotflames
D:2:      layout_basic
D:3:      layout_basic, portal_sewer_entry_a, uniq_ijyb
Sewer:    sewer_co_tree

Skill      XL: |  1  2  3  4  5  6 |
---------------+-------------------+-----
Invocations    | 1 2 |  2.2
Short Blades   | 1 2 |  2.0
Long Blades    | 1 2 |  2.0
Axes           | 1 2 |  2.0
Maces & Flails | 1 2 |  2.0
Polearms       | 1 2 |  2.0
Staves         | 1 2 |  2.0
Ranged Weapons | 1 2 |  2.0
Throwing       | 1 2 |  2.0
Armour         | 1 2 |  2.0
Stealth        | 1 2 |  2.0
Shields        | 1 2 |  2.0
Spellcasting   | 1 2 |  2.0
Evocations     | 1 2 |  2.0
Conjurations   | 1 |  1.6
Hexes          | 1 |  1.6
Summonings     | 1 |  1.6
Necromancy     | 1 |  1.6
Translocations | 1 |  1.6
Transmutations | 1 |  1.6
Fire Magic     | 1 |  1.6
Ice Magic      | 1 |  1.6
Air Magic      | 1 |  1.6
Earth Magic    | 1 |  1.6
Poison Magic   | 1 |  1.6
Fighting       | 3 |  3.3
Dodging        | 5 |  5.0
Unarmed Combat | |  6.8
Shapeshifting  | |  6.8

Action                     |  1- 3 |  4- 6 || total
---------------------------+-------+-------++-------
  Melee: Unarmed           |    57 |       ||    57
         Bite              |     4 |       ||     4
         Punch             |     1 |     4 ||     5
         Lance             |    28 |    90 ||   118
    Use: Scroll            |       |     2 ||     2
         Potion            |       |     1 ||     1
   Stab: Sleeping          |     1 |     3 ||     4
 Armour: Animal skin       |    41 |    42 ||    83
         Skin              |       |     1 ||     1
  Dodge: Dodged            |    56 |    38 ||    94
   Form: Beast             |     1 |       ||     1

Table legend: (Time is in decaauts)
 A = Elapsed time spent in this place.
 B = Non-inter-level travel time spent in this place.
 C = Inter-level travel time spent in this place.
 D = Time resting spent in this place.
 E = Time spent auto-exploring this place.
 F = Levels seen in this place.
 G = Mean time per level.
                   A        B        C        D        E       F      G
               +--------+--------+--------+--------+--------+-----+--------+
         Total |   1938 |   1910 |     28 |     99 |   1043 |   4 |  484.5 |
       Dungeon |   1716 |   1688 |     28 |     47 |    978 |   3 |  572.0 |
         Sewer |    222 |    222 |      0 |     52 |     65 |   1 |  222.0 |
               +--------+--------+--------+--------+--------+-----+--------+

Top non-repeatable levels by time:
     D:1: 805 daAuts
     D:2: 608 daAuts
     D:3: 302 daAuts
   Sewer: 222 daAuts
